 Dungeon Crawl Stone Soup version 0.21.1-1-g345015f (webtiles) character file.

142142 RitorJet the Peltast (level 17, -1/138 HPs)
             Began as a Formicid Fighter on Mar 21, 2018.
             Was the Champion of Cheibriados.
             Slain by a deep elf blademaster
             ... wielding a +0 rapier
              (14 damage)
             ... on level 3 of the Elven Halls on Mar 22, 2018.
             The game lasted 01:42:08 (30511 turns).

RitorJet the Peltast (Formicid Fighter)            Turns: 30511, Time: 01:42:10

Health: -1/138     AC: 19    Str: 44    XL:     17   Next: 96%
Magic:  0/23       EV: 23    Int: 23    God:    Cheibriados [******]
Gold:   2321       SH: 21    Dex: 23    Spells: 19/27 levels left

rFire    + + +     SeeInvis +   z - +9 rapier "Undertaker" {drain, *Drain Str+2 SInv}
rCold    + + .     Gourm    .   c - +3 shield
rNeg     + . .     Faith    .   F - +0 chain mail "Qanwyoh" {rF+ rC+ rN+ Int-3}
rPois    +         Spirit   +   (helmet unavailable)
rElec    +         Reflect  .   e - scarf {Spirit}
rCorr    +         Harm     .   C - +1 pair of gloves {archery}
MR       ++...                  K - +2 pair of boots of the Assassin {Detection Stab+ Stlth++}
Stlth    +++.......             x - amulet of magic regeneration
HPRegen  0.33/turn              N - ring "Kom Pach" {rF+ Stlth+}
MPRegen  0.43/turn              A - +4 ring of evasion

@: resistant, studying Axes, very slow
A: permanent stasis, dig shafts and tunnels, four strong arms, antennae 3,
repulsion field 1, clumsy 1, low mp 1, magic resistance 1, strong 1
a: Dig, Shaft Self, Bend Time, Temporal Distortion, Slouch, Step From Time,
Renounce Religion


You were on level 3 of the Elven Halls.
You worshipped Cheibriados.
Cheibriados was exalted by your worship.
You were not hungry.

You visited 5 branches of the dungeon, and saw 24 of its levels.
You also visited: Ice Cave.

You collected 3104 gold pieces.
You spent 783 gold pieces at shops.

Inventory:

Hand Weapons
 a - a +2 long sword of flaming
 w - a +1 long sword of holy wrath
 z - the +9 rapier "Undertaker" (weapon) {drain, *Drain Str+2 SInv}
   (You took it off a crimson imp on level 8 of the Dungeon)

   A truly terrible weapon, it drains the life of those it strikes.
   It affects your strength (+2).
   It lets you see invisible.
   It causes draining when unequipped.
 M - a +0 double sword of flaming
 Z - the +10 scimitar "Posoitikk" {speed, MR+, unknown}
   (You took it off a deep elf knight on level 2 of the Elven Halls)

   Attacks with this weapon are significantly faster.
   It affects your resistance to hostile enchantments.
   Cheibriados disapproves of the use of such an item.
Armour
 c - a +3 shield (worn)
 e - a scarf of spirit shield (worn)
 C - a +1 pair of gloves of archery (worn)
 F - the +0 chain mail "Qanwyoh" (worn) {rF+ rC+ rN+ Int-3}
   (You found it on level 4 of the Lair of Beasts)

   It affects your intelligence (-3).
   It protects you from fire.
   It protects you from cold.
   It protects you from negative energy.
 K - the +2 pair of boots of the Assassin (worn) {Detection Stab+ Stlth++}
   (You acquired it on level 4 of the Lair of Beasts)

   It makes you much more stealthy.
Jewellery
 l - an uncursed ring of magical power {unknown}
 o - an uncursed amulet of the gourmand
 t - an uncursed amulet of guardian spirit
 x - an amulet of magic regeneration (around neck)
 A - a +4 ring of evasion (right hand)
 N - the ring "Kom Pach" (left hand) {rF+ Stlth+}
   (You bought it in a shop on level 2 of the Elven Halls)

   [ring of protection from fire]

   It protects you from fire.
   It makes you more stealthy.
 W - a +3 ring of slaying
Wands
 j - a wand of paralysis (9)
 m - a wand of iceblast (24)
 y - a wand of disintegration (7)
 E - a wand of acid (6)
 G - a wand of polymorph (6)
 J - a wand of scattershot (6)
 S - a wand of flame (30)
 X - a wand of clouds (1)
Scrolls
 g - 4 scrolls of magic mapping
 i - 5 scrolls of fear
 k - 2 scrolls of torment
 n - 14 scrolls of remove curse
 r - 6 scrolls of amnesia
 u - 4 scrolls of fog
 Q - a scroll of immolation
 T - 3 scrolls of holy word
 Y - 3 scrolls of enchant weapon
Potions
 b - 2 potions of ambrosia
 d - 3 potions of curing
 s - 4 potions of flight
 v - 2 potions of brilliance
 L - a potion of resistance
Books
 h - the Collected Works on Displacement
   (You found it on level 1 of the Orcish Mines)

   Spells                             Type                      Level
   a - Shroud of Golubria             Charms/Translocation         2
   b - Summon Forest                  Summoning/Translocation      5
 p - a manual of Axes
 B - a book of Battle

   Spells                             Type                      Level
   a - Infusion                       Charms                       1
   b - Shroud of Golubria             Charms/Translocation         2
   c - Song of Slaying                Charms                       2
   d - Spectral Weapon                Hexes/Charms                 3
   e - Regeneration                   Charms/Necromancy            3
 H - a book of Cantrips

   Spells                             Type                      Level
   a - Confusing Touch                Hexes                        1
   b - Animate Skeleton               Necromancy                   1
   c - Summon Small Mammal            Summoning                    1
   d - Apportation                    Translocation                1
 I - a book of Clouds

   Spells                             Type                      Level
   a - Poisonous Vapours              Poison/Air                   2
   b - Mephitic Cloud                 Conjuration/Poison/Air       3
   c - Conjure Flame                  Conjuration/Fire             3
   d - Freezing Cloud                 Conjuration/Ice/Air          6
   e - Ring of Flames                 Charms/Fire                  7
 U - a book of Flames

   Spells                             Type                      Level
   a - Flame Tongue                   Conjuration/Fire             1
   b - Throw Flame                    Conjuration/Fire             2
   c - Conjure Flame                  Conjuration/Fire             3
   d - Inner Flame                    Hexes/Fire                   3
   e - Sticky Flame                   Conjuration/Fire             4
   f - Fireball                       Conjuration/Fire             5
Miscellaneous
 D - a fan of gales (inert)
Comestibles
 f - 54 rations


   Skills:
 * Level 13.8 Fighting
 - Level 0.9(9.6) Short Blades
 * Level 14.3(14.4) Long Blades
 * Level 13.9 Armour
 * Level 8.1 Dodging
 - Level 2.7 Stealth
 * Level 15.6 Shields
 * Level 5.8 Spellcasting
 * Level 10.7 Invocations
 + Level 9.1 Evocations


You had 19 spell levels left.
You knew the following spells:

 Your Spells              Type           Power        Failure   Level  Hunger
a - Song of Slaying       Chrm           #.......     30%         2    None
b - Regeneration          Chrm/Necr      #.........   52%         3    #......
c - Spectral Weapon       Hex/Chrm       #.......     52%         3    #......


Dungeon Overview and Level Annotations

Branches:
Dungeon (12/15)            Temple (1/1) D:4            Lair (6/6) D:9
 Shoals (0/4) Lair:4       Spider (0/4) Lair:3        Slime (0/5) Lair:6
    Orc (2/2) D:10            Elf (3/3) Orc:2

Altars:
Ashenzari
Cheibriados
Elyvilon
Fedhas
Gozag
Hepliaklqana
Nemelex Xobeh
Okawaru
Ru
Sif Muna
Uskayaw
Vehumet
Wu Jian
Xom
Yredelemnul
The Shining One
Beogh
Jiyva

Shops:
D:11 (   Orc:2 [((%[:   Elf:2 =   Elf:3 :

Annotations:
Lair:5 exclusion: oklob plant
Elf:3 exclusion: Roxanne, Roxanne


Innate Abilities, Weirdness & Mutations

You cannot be hasted, slowed, berserked, paralysed or teleported.
You can dig through walls and to a lower floor.
Your four strong arms can wield two-handed weapons with a shield.
You have a pair of large antennae on your head. (SInv)
You are surrounded by a mild repulsion field. (EV +2)
You are clumsy. (Dex -2)
Your magical capacity is low. (-10% MP)
You are resistant to hostile enchantments. (MR+)
Your muscles are strong. (Str +2)


Message History

The dire flail of crushing hits you!!
* * * LOW HITPOINT WARNING * * *
x2 Your deep elf mage hits the deep elf death mage with a long sword.
The deep elf blademaster hits your redback with a rapier!
Your redback dies!
Your redback's corpse disappears in a puff of smoke!
You warp the flow of time around you!
You feel somewhat more hungry.
A deep elf demonologist comes into view.
It is wielding a long sword.
Unknown command.
Unknown command.
Evoke which item? (* to show all) (? for menu, Esc to quit)
A fierce wind blows from the fan.
The monsters around you are blown away!
The deep elf death mage collides with the deep elf mage!
The deep elf demonologist collides with the deep elf mage!
You kill the deep elf mage!
The deep elf mage's corpse dissolves into shadows!
The deep elf sorcerer shouts!
The deep elf blademaster shouts!
The battlesphere dissipates.
The deep elf blademaster hits you with a rapier!
You die...

##.##.e..##########...e...#**,
#####.....e.§.e§....(.....e..# *,
........)##{e.§.....##..{....###,
......##.# ##ee.2...............,
...3....#e###..)....##.[.....#**,
#####......§........##.......# *,
#.##..........#(..####..(....# *,
)###......._..)e.(e.#{#(.##### *,
#.##....#.....#.@##.(#(#.# *,
.#......#......#.<.3..##.#######.
#.......#.###.#####.#............
##.#....#.###.#####.#..##'##.####
.......................#...#.#
##.#.#.#.#####.###.##..'...+,#
.........# #.# #.##..#...#,*
.#.....### #.# #.##..##+##.#
.#.....# #.###.##........#


You could see a deep elf blademaster, a cacodemon, a deep elf death mage, a deep
elf sorcerer, a sun demon, 3 deep elf demonologists, a dire flail of crushing
and a friendly deep elf mage.

Vanquished Creatures
  A frost giant (D:11)
  2 deep elf sorcerers
  The ghost of tidbits the Martial Artist, a journeyman GnTm of Cheibriados (Elf:3)
  2 deep elf elementalists (Elf:3)
  A deep elf demonologist (Elf:3)
  A stone giant (Orc:1)
  A deep elf annihilator (D:11)
  A dire elephant (Lair:6)
  2 ettins (Orc:1)
  Josephine (D:10)
  A catoblepas (Lair:6)
  4 hydras
  15 two-headed ogres
  5 ogre magi
  10 death yaks
  21 dancing weapons
  A deep troll shaman (Lair:6)
  An orc high priest (Orc:1)
  Urug (D:10)
  16 deep elf knights
  Sonja (D:11)
  3 unseen horrors
  2 wizards (Elf:1)
  8 deep elf archers
  3 oklob plants
  2 orc knights
  39 deep elf magi
  2 ugly things (D:12)
  2 orc sorcerers
  17 cyclopes
  3 elephants (Lair:6)
  3 black mambas
  4 molten gargoyles (Elf:2)
  An ice statue (IceCv)
  9 spiny frogs
  An anaconda simulacrum (IceCv)
  4 rime drakes
  6 freezing wraiths
  9 komodo dragons
  5 ice devils (IceCv)
  A golden dragon simulacrum (IceCv)
  5 trolls
  3 meliai (Lair:5)
  A jumping spider (Lair:3)
  4 hornets
  A queen bee (Lair:5)
  10 dream sheep
  18 blink frogs
  15 slime creatures (D:12)
  10 hippogriffs
  4 wraiths
  Sigmund (D:5)
  An air elemental (Elf:2)
  A shadow (D:11)
  27 yaks
  A dire elephant simulacrum (IceCv)
  A water elemental (Elf:1)
  5 fire elementals
  A wyvern (Lair:3)
  2 steam dragons
  Menkaure (D:5)
  2 soldier ants (D:9)
  6 iron troll simulacra (IceCv)
  2 acid dragons (Lair:6)
  A harpy simulacrum (IceCv)
  10 water moccasins
  8 wargs
  8 porcupines
  19 orc warriors
  A swamp drake (Lair:6)
  6 ice beasts
  2 phantoms
  4 sky beasts
  An alligator simulacrum (IceCv)
  An ettin simulacrum (IceCv)
  4 black bears
  17 wolves
  An eye of draining (D:12)
  A boggart (Elf:1)
  10 necrophages
  27 ogres
  The ghost of Redear the Insei, an amateur DsCK of Xom (D:3)
  5 centaurs
  12 crocodiles
  Blork the orc (D:5)
  14 bullfrogs
  5 big kobolds
  5 gnoll sergeants (D:10)
  3 earth elementals
  5 scorpions
  32 killer bees
  3 howler monkeys
  A swamp dragon simulacrum (IceCv)
  7 wights
  A centaur zombie (D:4)
  3 crimson imps
  A bullfrog zombie (D:10)
  A quasit (D:8)
  3 draconian simulacra (IceCv)
  5 hounds
  21 orc priests
  5 jellies
  18 orc wizards
  3 bullfrog skeletons
  2 iguanas (D:11)
  2 spriggan simulacra (IceCv)
  A polar bear simulacrum (IceCv)
  7 worker ants
  A wolf simulacrum (IceCv)
  4 centaur simulacra
  3 hound zombies
  A hound skeleton (D:3)
  A howler monkey zombie (D:10)
  Robin (D:2)
  A howler monkey skeleton (D:10)
  9 adders
  12 gnolls
  2 ogre simulacra (IceCv)
  5 white imps (IceCv)
  5 ufetubi (IceCv)
  3 oozes
  3 adder zombies
  3 worms
  2 dart slugs
  5 leopard geckos
  80 orcs
  8 bats
  5 giant cockroaches
  16 goblins
  6 hobgoblins
  9 jackals
  6 quokkas
  2 ball pythons
  6 frilled lizards
  15 kobolds
  A quokka zombie (D:6)
  11 rats
  2 fungi
  5 plants
856 creatures vanquished.

Vanquished Creatures (collateral kills)
  A dancing weapon (Elf:2)
  A deep elf mage (Elf:3)
  A bullfrog (Lair:4)
3 creatures vanquished.

Vanquished Creatures (others)
  A deep elf mage (Elf:1)
  An ufetubus (IceCv)
  An orc (Orc:2)
  2 bushes (Lair:6)
  23 fungi
  19 plants
47 creatures vanquished.

Grand Total: 906 creatures vanquished

Notes
Turn   | Place    | Note
-------+----------+-------------------------------------------
     0 | D:1      | RitorJet the Formicid Fighter began the quest for the Orb.
     0 | D:1      | Reached XP level 1. HP: 18/18 MP: 1/1
   129 | D:1      | Reached XP level 2. HP: 20/24 MP: 2/2
   193 | D:1      | Reached skill level 4 in Shields
   495 | D:1      | You fall through a shaft!
   565 | D:2      | Found a sparkling altar of Nemelex Xobeh.
   607 | D:2      | Reached XP level 3. HP: 29/29 MP: 3/3
   708 | D:2      | Noticed Robin
   742 | D:2      | Reached XP level 4. HP: 19/35 MP: 4/4
   745 | D:2      | Killed Robin
  1762 | D:3      | Noticed Redear's ghost (amateur DsCK)
  1766 | D:3      | Gained mutation: You are surrounded by a mild repulsion field. (EV +2) [potion of mutation]
  1766 | D:3      | Gained mutation: Your body sometimes deteriorates upon taking damage. [potion of mutation]
  1766 | D:3      | Gained mutation: Your mind is acute. (Int +2) [potion of mutation]
  1787 | D:3      | Killed Redear's ghost
  1787 | D:3      | Reached XP level 5. HP: 23/42 MP: 5/5
  2235 | D:3      | Reached XP level 6. HP: 48/48 MP: 6/6
  2303 | D:3      | Reached skill level 5 in Shields
  2610 | D:3      | Found an opulent altar of Gozag.
  3020 | D:4      | Found a staircase to the Ecumenical Temple.
  3091 | D:4      | Reached XP level 7. HP: 34/54 MP: 7/7
  3204 | D:4      | Reached skill level 6 in Shields
  3697 | D:4      | Reached skill level 5 in Long Blades
  3952 | D:5      | Entered Level 5 of the Dungeon
  4014 | D:5      | Noticed Sigmund
  4023 | D:5      | Killed Sigmund
  4023 | D:5      | Reached skill level 5 in Armour
  4023 | D:5      | Reached XP level 8. HP: 49/61 MP: 8/8
  4301 | D:5      | Noticed Blork the orc
  4304 | D:5      | Noticed Menkaure
  4313 | D:5      | Killed Blork the orc
  4328 | D:5      | Killed Menkaure
  4328 | D:5      | Reached skill level 5 in Fighting
  4328 | D:5      | Reached skill level 1 in Dodging
  4328 | D:5      | Reached skill level 7 in Shields
  4493 | D:6      | Noticed a hippogriff
  4526 | D:5      | Killed a hippogriff
  5108 | Temple   | Entered the Ecumenical Temple
  5191 | Temple   | Became a worshipper of Cheibriados the Contemplative
  5293 | D:6      | Reached XP level 9. HP: 59/68 MP: 9/9
  5355 | D:6      | Lost mutation: Your mind is acute. (Int +2) [potion of mutation]
  5355 | D:6      | Lost mutation: Your body sometimes deteriorates upon taking damage. [potion of mutation]
  5355 | D:6      | Gained mutation: You are clumsy. (Dex -2) [potion of mutation]
  5355 | D:6      | Gained mutation: Your magical capacity is low. (-10% MP) [potion of mutation]
  5355 | D:6      | Gained mutation: You are resistant to hostile enchantments. (MR+) [potion of mutation]
  5355 | D:6      | Gained mutation: Your muscles are strong. (Str +2) [potion of mutation]
  5599 | D:6      | Found a sacrificial altar of Ru.
  5684 | D:6      | Reached skill level 1 in Stealth
  5730 | D:6      | Found an iron altar of Okawaru.
  5988 | D:7      | Reached * piety under Cheibriados
  6107 | D:7      | Reached skill level 8 in Shields
  6307 | D:7      | Found a radiant altar of Vehumet.
  6391 | D:7      | Reached ** piety under Cheibriados
  6466 | D:7      | Found a shimmering altar of Xom.
  6557 | D:7      | Noticed a deep elf mage
  6567 | D:7      | Killed a deep elf mage
  6567 | D:7      | Reached XP level 10. HP: 54/76 MP: 9/9
  6828 | D:7      | Found a hide-covered altar of Uskayaw.
  6828 | D:7      | Noticed a hand axe
  6828 | D:7      | Noticed an enchanted dagger
  7130 | D:8      | Found a snail-covered altar of Cheibriados.
  7195 | D:8      | Got a translucent rapier {drain}
  7196 | D:8      | Identified the +9 rapier "Undertaker" {drain, *Drain Str+2 SInv} (You took it off a crimson imp on level 8 of the Dungeon)
  7386 | D:8      | Reached skill level 9 in Shields
  7715 | D:9      | Found a shattered altar of Ashenzari.
  8022 | D:9      | Reached *** piety under Cheibriados
  8023 | D:9      | Reached skill level 1 in Evocations
  8149 | D:9      | Reached XP level 11. HP: 84/84 MP: 11/11
  8161 | D:9      | Found a staircase to the Lair.
  8169 | D:9      | Reached **** piety under Cheibriados
  8243 | D:9      | Noticed a two-headed ogre
  8254 | D:9      | Killed a two-headed ogre
  8254 | D:9      | Reached skill level 10 in Long Blades
  8254 | D:9      | Reached skill level 10 in Shields
  8787 | D:10     | Entered Level 10 of the Dungeon
  8877 | D:10     | Noticed Urug
  8891 | D:10     | Killed Urug
  8909 | D:10     | Noticed a two-headed ogre
  8915 | D:10     | Killed a two-headed ogre
  9088 | D:10     | Found a staircase to the Orcish Mines.
  9113 | D:10     | Reached ***** piety under Cheibriados
  9227 | D:10     | Noticed Josephine
  9255 | D:10     | Killed Josephine
  9255 | D:10     | Reached skill level 11 in Shields
  9265 | D:10     | Reached XP level 12. HP: 32/94 MP: 8/13
  9742 | D:10     | Noticed an unseen horror
  9752 | D:10     | Killed an unseen horror
 10148 | D:11     | Noticed Sonja
 10148 | D:11     | Killed Sonja
 10378 | D:11     | Noticed a deep elf annihilator
 10396 | D:11     | Killed a deep elf annihilator
 10746 | D:11     | Noticed an unseen horror
 10759 | D:11     | Killed an unseen horror
 10791 | D:11     | Found Tiret's Antique Weapon Shop.
 10912 | D:11     | Reached skill level 10 in Armour
 10912 | D:11     | Reached skill level 5 in Evocations
 10936 | D:11     | Reached skill level 12 in Shields
 11082 | D:11     | Noticed a frost giant
 11095 | D:11     | Killed a frost giant
 11095 | D:11     | Reached skill level 10 in Fighting
 11095 | D:11     | Reached XP level 13. HP: 62/103 MP: 10/15
 11449 | D:11     | Found a white marble altar of Elyvilon.
 11449 | D:11     | Found a hazy altar of Hepliaklqana.
 11692 | D:12     | Reached ****** piety under Cheibriados
 11928 | D:12     | Reached skill level 1 in Invocations
 12437 | Orc:1    | Entered Level 1 of the Orcish Mines
 13017 | Orc:1    | Reached skill level 13 in Shields
 13018 | Orc:1    | Reached XP level 14. HP: 92/113 MP: 16/16
 13769 | Orc:1    | Found a roughly hewn altar of Beogh.
 13905 | Orc:1    | Got a steaming scythe {slice}
 14133 | Orc:1    | Noticed a stone giant
 14149 | Orc:1    | Killed a stone giant
 14149 | Orc:1    | Reached skill level 5 in Invocations
 14403 | Orc:1    | Identified the Collected Works on Displacement
 14523 | Orc:2    | Entered Level 2 of the Orcish Mines
 14978 | Orc:2    | Reached skill level 5 in Dodging
 14994 | Orc:2    | HP: 5/114 [two-headed ogre/giant spiked club (7)]
 15773 | Orc:2    | Found a staircase to the Elven Halls.
 15814 | Orc:2    | Found Azaon's Food Emporium.
 15814 | Orc:2    | Found Bamiur's Book Shop.
 15815 | Orc:2    | Found Assueh's Antique Weapon Boutique.
 15815 | Orc:2    | Found Feuskiu's Antique Armour Emporium.
 15837 | Orc:2    | Bought a pair of boots for 157 gold pieces
 15922 | Orc:2    | Reached XP level 15. HP: 107/120 MP: 16/18
 16006 | Orc:2    | Learned a level 2 spell: Song of Slaying
 16026 | Orc:2    | Found Senoug's Armour Shop.
 16033 | Orc:2    | Found Afaerchar's Antique Weapon Boutique.
 16585 | Lair:1   | Entered Level 1 of the Lair of Beasts
 17244 | Lair:1   | Reached skill level 14 in Shields
 19346 | Lair:3   | Found a hole to the Spider Nest.
 19732 | Lair:4   | Found a staircase to the Shoals.
 19833 | Lair:4   | Identified the +7 scythe of Inflation {slice, *Corrode rElec rC++} (You took it off an orc warrior on level 1 of the Orcish Mines)
 19950 | Lair:4   | Learned a level 3 spell: Regeneration
 19954 | Lair:4   | Learned a level 3 spell: Spectral Weapon
 20069 | Lair:4   | Got a brightly glowing chain mail
 20070 | Lair:4   | Identified the cursed +0 chain mail "Qanwyoh" {rF+ rC+ rN+ Int-3} (You found it on level 4 of the Lair of Beasts)
 20139 | Lair:4   | Identified a scroll of acquirement
 20140 | Lair:4   | Found the +2 pair of boots of the Assassin {Detection Stab+ Stlth++}
 20534 | Lair:5   | Found a snail-covered altar of Cheibriados.
 20893 | Lair:5   | Found a blossoming altar of Fedhas.
 21251 | Lair:5   | Reached skill level 1 in Spellcasting
 21917 | Lair:6   | Entered Level 6 of the Lair of Beasts
 22003 | Lair:6   | Reached XP level 16. HP: 118/129 MP: 18/20
 22087 | Lair:6   | Found a staircase to the Slime Pits.
 22088 | Lair:6   | Found a viscous altar of Jiyva.
 23662 | Elf:1    | Entered Level 1 of the Elven Halls
 23999 | Elf:1    | Noticed a deep elf sorcerer
 24012 | Elf:1    | Killed a deep elf sorcerer
 24830 | Elf:1    | Reached skill level 15 in Shields
 26034 | Elf:2    | Found Emeaziq's Jewellery Shop.
 26038 | Elf:2    | Bought the ring "Kom Pach" {rF+ Stlth+} for 626 gold pieces
 26064 | Elf:2    | Reached XP level 17. HP: 124/137 MP: 18/21
 26305 | Elf:2    | Got a twisted scimitar {speed}
 26400 | Elf:2    | Found a huge runed gate.
 26400 | Elf:2    | Found a huge runed gate.
 26400 | Elf:2    | Found a huge runed gate.
 26400 | Elf:2    | Found a huge runed gate.
 26400 | Elf:2    | Found a huge runed gate.
 26791 | Elf:2    | Reached skill level 10 in Invocations
 27040 | Elf:2    | Reached skill level 5 in Spellcasting
 27777 | Elf:3    | Entered Level 3 of the Elven Halls
 27783 | Elf:3    | Noticed Roxanne
 27799 | Elf:3    | Found Ownokkou's Book Shoppe.
 28004 | Elf:3    | Found a deep blue altar of Sif Muna.
 28347 | Elf:3    | Found a frozen archway.
 28355 | IceCv    | Entered an ice cave
 30092 | IceCv    | Got a crude hat
 30181 | Elf:3    | Noticed tidbits's ghost (journeyman GnTm)
 30327 | Elf:3    | Killed tidbits's ghost
 30488 | Elf:3    | Noticed a deep elf blademaster
 30511 | Elf:3    | Slain by a deep elf blademaster

Skill      XL: |  1  2  3  4  5  6  7  8  9 10 11 12 13 14 15 16 17 |
---------------+----------------------------------------------------+-----
Shields        | 4 5 6 7 8 9 11 12 13 14 15 | 15.6
Armour         | 4 5 6 7 9 10 11 12 13 | 13.9
Long Blades    | 3 4 5 6 8 9 10 11 12 13 14 | 14.3
Fighting       | 4 5 6 7 8 10 11 12 13 | 13.8
Dodging        | 1 2 4 5 6 7 8 |  8.1
Stealth        | 2 |  2.7
Evocations     | 2 4 5 6 7 8 9 |  9.1
Invocations    | 3 6 8 9 10 | 10.7
Spellcasting   | 1 4 5 |  5.8
Short Blades   | |  0.9

Action                   |  1- 3 |  4- 6 |  7- 9 | 10-12 | 13-15 | 16-18 || total
-------------------------+-------+-------+-------+-------+-------+-------++-------
Melee: Long sword        |    92 |   199 |   355 |    40 |       |       ||   686
       Rapier            |       |       |       |   540 |  1174 |  1068 ||  2782
 Cast: Song of Slaying   |       |       |       |       |       |     1 ||     1
Invok: Bend Time         |       |       |       |     1 |       |       ||     1
       Slouch            |       |       |       |       |     1 |       ||     1
       Step From Time    |       |       |       |       |       |     1 ||     1
       Temporal Distorti |       |       |       |       |       |     1 ||     1
 Abil: Dig               |     2 |       |       |     9 |    21 |    46 ||    78
Evoke: Wand              |       |       |     1 |     3 |    13 |    12 ||    29
       Fan of gales      |       |       |       |     1 |     1 |     2 ||     4
  Use: Potion            |     2 |     9 |     3 |     2 |     7 |    11 ||    34
       Scroll            |       |     6 |     4 |     4 |    18 |    13 ||    45
 Stab: Paralysed         |       |       |     1 |       |       |       ||     1
       Distracted        |       |       |       |     1 |       |     1 ||     2
       Confused          |       |       |       |       |       |     1 ||     1
       Invisible         |       |       |       |       |       |     3 ||     3
       Sleeping          |       |       |       |       |       |     3 ||     3
  Eat: Ration            |       |     1 |       |     1 |     4 |     7 ||    13
       Chunk             |       |    14 |    13 |     2 |     9 |     1 ||    39
Armor: Scale mail        |    17 |       |       |       |       |       ||    17
       Plate armour      |    97 |    90 |   117 |     2 |    51 |       ||   357
       Skin              |       |       |    10 |       |       |       ||    10
       Chain mail        |       |       |       |    72 |    65 |   134 ||   271
Dodge: Dodged            |    33 |    56 |    80 |   146 |   367 |   415 ||  1097
Block: Shield            |    76 |   121 |   232 |   381 |   874 |   847 ||  2531
       Rpst.: Long sword |     9 |    24 |    29 |     5 |       |       ||    67
